 Dungeon Crawl Stone Soup version 0.25.0-33-gff14898491 (webtiles) character file.

Game seed: 16785994207047839657

32 funkygono the Conjurer (level 3, -1/26 HPs)
             Began as a Draconian Conjurer on July 7, 2020.
             Slain by an adder (4 damage)
             ... on level 2 of the Dungeon.
             The game lasted 00:02:31 (1598 turns).

funkygono the Conjurer (Draconian Conjurer)         Turns: 1598, Time: 00:02:32

Health: -1/26      AC:  5    Str: 10    XL:     3   Next: 10%
Magic:  1/6        EV: 12    Int: 16    God:
Gold:   21         SH:  0    Dex: 11    Spells: 3/6 levels left

rFire    . . .     SeeInvis .   d - +0 dagger
rCold    . . .     Gourm    .   (no shield)
rNeg     . . .     Faith    .   (armour unavailable)
rPois    .         Spirit   .   (helmet restricted)
rElec    .         Reflect  .   (no cloak)
rCorr    .         Harm     .   (no gloves)
MR       .....                  (no boots)
Stlth    ++........             (no amulet)
HPRegen  0.08/turn              (no ring)
MPRegen  0.10/turn              (no ring)

@: no status effects
A: unfitting armour, cold-blooded, AC +5
a: no special abilities


You were on level 2 of the Dungeon.
You were not hungry.

You visited 1 branch of the dungeon, and saw 2 of its levels.

You collected 21 gold pieces.

Inventory:

Hand Weapons
 d - a +0 dagger (weapon)
Missiles
 e - a stone (quivered)
Potions
 a - a potion of berserk rage {unknown}
Comestibles
 b - a ration


   Skills:
 + Level 0.1 Short Blades
 + Level 2.0 Dodging
 + Level 1.9 Stealth
 + Level 2.2 Spellcasting
 + Level 4.7 Conjurations


You had 3 spell levels left.
You knew the following spells:

 Your Spells              Type           Power        Failure   Level  Hunger
a - Magic Dart            Conj           ###.         3%          1    #......
b - Searing Ray           Conj           ###...       4%          2    ###....

Your spell library contained the following spells:

 Spells                   Type           Power        Failure   Level  Hunger
 Dazzling Flash           Conj/Hex       #.....       24%         3    ###....
 Fulminant Prism          Conj/Hex       #.........   61%         4    #####..
 Iskenderun's Mystic Bla  Conj/Tloc      #.......     61%         4    #####..


Dungeon Overview and Level Annotations

Branches:
Dungeon (2/15)

Altars:


Innate Abilities, Weirdness & Mutations

Your plain brown scales are hard. (AC +5)
You cannot fit into any form of body armour.
You are cold-blooded and may be slowed by cold attacks.


Message History

You see here a stone.
The adder hisses angrily.
The adder barely misses you. The adder misses you.
The goblin shoots a stone.
The stone closely misses you.
You see here a stone.
The goblin shoots a stone.
The stone hits you but does no damage. The adder barely misses you.
You see here a stone.
The adder bites you.
* * * LOW HITPOINT WARNING * * *
The adder misses you.
You see here 30 arrows.
Casting: Magic Dart (safe; 3% risk of failure)
Confirm with . or Enter, or press ? or * to list all spells.
Aiming: Magic Dart (safe; 3% risk of failure)
Press: ? - help, Shift-Dir - straight line, f - adder
Aim: an adder The magic dart hits the adder but does no damage.
The adder bites you.
You die...

..........# #.#
.#.##....(# #.###
# ##...g###...###
#....##(.....#
#....##.<....#
#....##......#
#....##......#
#.##....##....###
........S@.####
.....#######
.>... ..... ....
...


You could see an adder.

Vanquished Creatures
  A dart slug (D:1)
  A ball python (D:1)
  2 giant cockroaches (D:1)
  7 goblins (D:1)
  3 hobgoblins (D:1)
  2 jackals (D:1)
  2 bats (D:1)
  4 frilled lizards
  5 kobolds (D:1)
  A rat (D:1)
28 creatures vanquished.

Notes
Turn   | Place    | Note
-------+----------+-------------------------------------------
     0 | D:1      | funkygono the Draconian Conjurer began the quest for the
                  | Orb.
     0 | D:1      | Reached XP level 1. HP: 14/14 MP: 3/3
   268 | D:1      | Reached XP level 2. HP: 20/20 MP: 0/5
   275 | D:1      | Learned a level 2 spell: Searing Ray
   853 | D:1      | Reached XP level 3. HP: 26/26 MP: 4/6
  1598 | D:2      | Slain by an adder

Illustrated notes

Levels and vault maps discovered:
D:1:      dpeg_arrival_short_road, layout_basic
D:2:      layout_rooms, nicolae_overflow_crystal_walls, uniq_crazy_yiuf_cottage

Skill      XL: |  1  2 |
---------------+-------+-----
Dodging        | 2 |  2.0
Short Blades   | |  0.1
Stealth        | |  1.9
Spellcasting   | |  2.2
Conjurations   | |  4.7

Action                   || total
-------------------------++-------
Melee: Dagger            ||    41
       Tailslap          ||     4
 Cast: Magic Dart        ||    49
       Searing Ray       ||     2
  Use: Scroll            ||     1
  Eat: Chunk             ||     3
Armor: Skin              ||    11
Dodge: Dodged            ||    35
